 Dungeon Crawl Stone Soup version 0.27-a0-1416-g941b2bd30b (webtiles) character file.

Game seed: 13795906787723687594

34406 wesbby the Brawler (level 13, -15/132 HPs)
             Began as a Troll Berserker on July 1, 2021.
             Was a High Priest of Trog.
             Demolished by an azure jelly (19 damage)
             ... on level 5 of the Lair of Beasts.
             The game lasted 00:25:03 (9604 turns).

wesbby the Brawler (Troll Berserker)                Turns: 9604, Time: 00:25:04

Health: -15/132    AC: 12    Str: 31    XL:     13   Next: 42%
Magic:  12/12      EV: 14    Int:  2    God:    Trog [*****.]
Gold:   698        SH:  0    Dex: 15    Spells: 12/12 levels left

rFire    . . .     SeeInvis .     - Unarmed
rCold    + . .     Faith    .   (no shield)
rNeg     . . .     Spirit   .   a - +2 animal skin
rPois    .         Reflect  .   (helmet restricted)
rElec    .         Harm     .   (no cloak)
rCorr    .         Rampage  .   (gloves unavailable)
Will     .....                  (boots unavailable)
Stlth    ++........             y - amulet of regeneration
HPRegen  2.32/turn              n - +6 ring of dexterity
MPRegen  0.13/turn              x - +4 ring of protection

@: on berserk cooldown, flying, slowed, very slow
A: large, unfitting armour, claws 3, regeneration 1, shaggy fur 1, tough skin 1,
iridescent scales 1, cold resistance 1, dopey 1, robust 1
a: Renounce Religion, Berserk, Trog's Hand, Brothers in Arms


You were on level 5 of the Lair of Beasts.
You worshipped Trog.
Trog was extremely pleased with you.
You visited 4 branches of the dungeon, and saw 17 of its levels.

You collected 1779 gold pieces.
You spent 1081 gold pieces at shops.

Inventory:

Missiles
 h - 3 throwing nets (quivered)
 z - 5 curare-tipped darts
Armour
 a - a +2 animal skin (worn)
Jewellery
 c - a ring of see invisible
 g - a ring of positive energy
 j - an amulet of faith
 n - a +6 ring of dexterity (left claw)
 t - a ring of wizardry
 w - an amulet of reflection
 x - a +4 ring of protection (right claw)
 y - an amulet of regeneration (around neck)
 A - a ring of ice
 B - a ring of positive energy
 E - a +6 ring of intelligence
 G - a ring of willpower
 I - a ring of protection from fire
 J - a ring of fire
Wands
 i - a wand of digging (9)
 o - a wand of polymorph (27)
 v - a wand of flame (60)
Scrolls
 b - 4 scrolls of vulnerability
 d - 4 scrolls of enchant weapon
 e - 2 scrolls of magic mapping
 k - 4 scrolls of teleportation
 m - 2 scrolls of silence
 p - 3 scrolls of fear {unknown}
 r - a scroll of fog {unknown}
 u - a scroll of immolation {unknown}
 K - a scroll of enchant armour
 L - a scroll of blinking {unknown}
Potions
 f - a potion of might
 l - 5 potions of brilliance
 q - a potion of haste
 s - 3 potions of curing
 C - a potion of flight
 D - a potion of magic
 F - a potion of lignification
Miscellaneous
 H - a phantom mirror


   Skills:
 + Level 6.2 Fighting
 + Level 9.0 Dodging
 - Level 2.1 Stealth
 * Level 18.3 Unarmed Combat


You had 12 spell levels left.
You didn't know any spells.
Your spell library was empty.

Dungeon Overview and Level Annotations

Branches:
Dungeon (10/15)            Temple (0/1) D:4            Lair (5/6) D:9
 Shoals (1/4) Lair:3        Snake (0/4) Lair:4        Slime (1/5) Lair:5
    Orc: D:9-12

Altars:
Cheibriados
Fedhas
Nemelex Xobeh
Okawaru
Jiyva

Shops:
D:7 =   D:10 *

Annotations:
D:8 2 transporters


Innate Abilities, Weirdness & Mutations

You are too large for most types of armour.
You have claws for hands.
Your natural rate of healing is unusually fast.
You are covered in fur. (AC +1)
You have tough skin. (AC +1)
You are partially covered in iridescent scales. (AC +2)
Your flesh is cold resistant. (rC+)
You are dopey. (Int -2)
You are robust. (+10% HP)


Message History

* * * LOW HITPOINT WARNING * * *
The azure jelly hits you.
* * * LOW HITPOINT WARNING * * *
You are too berserk!
You are too berserk!
You claw the slime creature!
The slime creature is moderately wounded.
The slime creature barely misses you. The slime creature hits you!
* * * LOW HITPOINT WARNING * * *
The azure jelly barely misses you.
The azure jelly hits you but does no damage.
The azure jelly hits you.
* * * LOW HITPOINT WARNING * * *
The azure jelly hits you!
* * * LOW HITPOINT WARNING * * *
Two slime creatures merge to form a large slime creature.
You are too berserk!
You feel a strong urge to attack something.
The slime creature hits you but does no damage.
The azure jelly barely misses you.
The azure jelly hits you but does no damage.
The azure jelly misses you. The azure jelly barely misses you.
Two slime creatures merge to form a very large slime creature.
You feel your anger nearly subside.
You are no longer berserk.
You are exhausted.
You feel yourself slow down.
There is a staircase back to the Lair here.
The azure jelly hits you but does no damage.
The azure jelly misses you. The azure jelly hits you.
* * * LOW HITPOINT WARNING * * *
The azure jelly hits you.
* * * LOW HITPOINT WARNING * * *
You climb upwards.
Welcome back to the Lair of Beasts!
There is a staircase to the Slime Pits here.
You feel very buoyant.
You fly up into the air.
The azure jelly hits you!
* * * LOW HITPOINT WARNING * * *
The azure jelly freezes you!! You resist.
You die...

#...†........ ##P..
##+....###.## ...... ##..
#...### #.. .... #.. #P..P# #.
#..## ##. #...## #...# ##
##..# ##### #...## # ###.#.##
##...####.#..#######
#.P....####P..J.P#.....##.#.#.
#........###.@................
##.#........._................
#..#.......#..............P..#
##....PP....................#.
#.#....P...###..............#
#####...#### #............#.#
##....# #...#.....PP.####
###.....########.##..P.###
##..+..#....#. #.##..##


You could see an azure jelly.

Vanquished Creatures
  Harold (D:7)
  2 hydras
  A centaur warrior (D:10)
  14 death yaks
  Pikel (D:4)
  A cyclops (D:7)
  A shining eye (Slime:1)
  An ugly thing (D:9)
  7 black mambas
  3 centaur zombies
  5 cane toads
  A rime drake (Lair:5)
  8 komodo dragons
  2 polar bears (Lair:5)
  A hornet (D:8)
  15 blink frogs
  4 slime creatures (Slime:1)
  Sigmund (D:2)
  2 wyverns
  A basilisk (Lair:5)
  29 yaks
  Menkaure (D:6)
  12 water moccasins
  A black bear (D:5)
  7 orc warriors
  An ice beast (D:7)
  4 ogres
  A necrophage (D:6)
  7 wolves (Lair:1)
  A phantom (D:6)
  2 centaurs
  3 kobold brigands
  11 bullfrogs
  A wyvern zombie (D:6)
  3 scorpions
  A wyvern skeleton (D:5)
  2 water moccasin skeletons
  6 killer bees
  3 wights (D:10)
  2 howler monkeys (D:10)
  2 hounds
  A jelly (D:8)
  A gnoll shaman (D:9)
  7 orc priests
  4 iguanas
  5 orc wizards
  A hound skeleton (D:4)
  2 howler monkey zombies (D:9)
  A howler monkey skeleton (D:4)
  4 gnolls (D:9)
  3 river rats (D:3)
  8 adders
  3 white imps
  An adder skeleton (D:4)
  4 worms
  A dart slug (D:5)
  40 orcs
  6 bats
  7 endoplasms
  5 giant cockroaches
  6 goblins
  4 hobgoblins
  12 jackals
  20 kobolds
  4 quokkas
  4 ball pythons
  4 frilled lizards
  8 rats
338 creatures vanquished.

Vanquished Creatures (others)
  A ball python (D:1)
  17 fungi
  22 plants
40 creatures vanquished.

Grand Total: 378 creatures vanquished

Notes
Turn   | Place    | Note
-------+----------+-------------------------------------------
     0 | D:1      | wesbby the Troll Berserker began the quest for the Orb.
     0 | D:1      | Reached XP level 1. HP: 22/22 MP: 0/0
    28 | D:1      | Reached XP level 2. HP: 29/29 MP: 1/1
   257 | D:1      | Reached XP level 3. HP: 32/36 MP: 2/2
   301 | D:1      | Reached ** piety under Trog
   817 | D:2      | Reached skill level 4 in Unarmed Combat
   817 | D:2      | Reached XP level 4. HP: 25/44 MP: 3/3
   887 | D:2      | Noticed Sigmund
   896 | D:2      | Killed Sigmund
   897 | D:2      | Reached skill level 5 in Unarmed Combat
   897 | D:2      | Reached XP level 5. HP: 39/53 MP: 4/4
  1217 | D:2      | Gained mutation: Your flesh is cold resistant. (rC+)
                  | [potion of mutation]
  1217 | D:2      | Gained mutation: You are partially covered in iridescent
                  | scales. (AC +2) [potion of mutation]
  1324 | D:3      | Reached XP level 6. HP: 61/61 MP: 5/5
  1894 | D:3      | Reached *** piety under Trog
  2246 | D:4      | Found a staircase to the Ecumenical Temple.
  2333 | D:4      | Reached skill level 6 in Unarmed Combat
  2538 | D:4      | Reached XP level 7. HP: 63/67 MP: 6/6
  2654 | D:4      | Noticed Pikel
  2672 | D:4      | Killed Pikel
  2673 | D:4      | Reached skill level 7 in Unarmed Combat
  2683 | D:4      | Reached XP level 8. HP: 40/75 MP: 7/7
  2829 | D:5      | Entered Level 5 of the Dungeon
  2845 | D:5      | Reached skill level 5 in Dodging
  2875 | D:5      | Reached **** piety under Trog
  2876 | D:5      | Reached skill level 8 in Unarmed Combat
  3496 | D:5      | Identified the +2 ring mail of Resourcefulness {-Cast Harm
                  | Dex+4 SInv}
  3506 | D:5      | Identified a scroll of acquirement
  3506 | D:5      | Acquired 951 gold pieces
  3587 | D:6      | Reached skill level 9 in Unarmed Combat
  3710 | D:6      | Reached skill level 1 in Stealth
  3713 | D:6      | Reached XP level 9. HP: 84/84 MP: 8/8
  3964 | D:6      | Noticed Menkaure
  3970 | D:6      | Killed Menkaure
  4077 | D:6      | Reached skill level 10 in Unarmed Combat
  4317 | D:7      | Found a sparkling altar of Nemelex Xobeh.
  4410 | D:7      | Noticed Harold
  4423 | D:7      | Killed Harold
  4424 | D:7      | Reached skill level 11 in Unarmed Combat
  4513 | D:7      | Found Giegg's Jewellery Boutique.
  4520 | D:7      | Bought an amulet of reflection for 330 gold pieces
  4520 | D:7      | Bought a +4 ring of protection for 396 gold pieces
  4520 | D:7      | Bought an amulet of regeneration for 330 gold pieces
  4574 | D:7      | Noticed a cyclops
  4600 | D:7      | Killed a cyclops
  4601 | D:7      | Reached XP level 10. HP: 94/94 MP: 9/9
  5224 | D:8      | Found a transporter.
  5374 | D:8      | You fall into a shaft and drop 2 floors!
  5374 | D:10     | Entered Level 10 of the Dungeon
  5390 | D:10     | Reached skill level 5 in Fighting
  5527 | D:10     | Reached skill level 12 in Unarmed Combat
  5590 | D:10     | Noticed a centaur warrior
  5601 | D:10     | Killed a centaur warrior
  5774 | D:10     | Found Tyg Unua's CLEARANCE SALE! EVERYTHING MUST GO!.
  5786 | D:10     | Bought a potion of heal wounds for 25 gold pieces
  6090 | D:9      | Noticed a death yak
  6092 | D:9      | Found a staircase to the Lair.
  6092 | D:9      | Noticed a death yak
  6100 | D:9      | Noticed a death yak
  6104 | D:9      | Noticed a death yak
  6105 | D:9      | Noticed a death yak
  6106 | D:9      | Killed a death yak
  6107 | D:9      | Reached skill level 13 in Unarmed Combat
  6107 | D:9      | Noticed a death yak
  6116 | D:9      | Killed a death yak
  6117 | D:9      | Reached XP level 11. HP: 51/104 MP: 10/10
  6119 | D:9      | Killed a death yak
  6127 | D:9      | Killed a death yak
  6137 | D:9      | Killed a death yak
  6144 | D:9      | Killed a death yak
  6145 | D:9      | Reached skill level 14 in Unarmed Combat
  6220 | D:9      | Found a blossoming altar of Fedhas.
  6430 | D:9      | Found an iron altar of Okawaru.
  6430 | D:9      | Found a snail-covered altar of Cheibriados.
  6447 | D:9      | Noticed a red ugly thing
  6454 | D:9      | Killed a red ugly thing
  6594 | D:8      | Found a transporter.
  6776 | Lair:1   | Entered Level 1 of the Lair of Beasts
  6818 | Lair:1   | Reached ***** piety under Trog
  7070 | Lair:1   | Reached skill level 15 in Unarmed Combat
  7409 | Lair:1   | Reached XP level 12. HP: 93/111 MP: 11/11
  7810 | Lair:2   | Reached skill level 16 in Unarmed Combat
  7813 | Lair:2   | Received a gift from Trog
  7859 | Lair:2   | You fall into a shaft and drop 2 floors!
  7902 | Lair:4   | Found a staircase to the Snake Pit.
  8262 | Lair:4   | Noticed a seven-headed hydra
  8268 | Lair:4   | Killed a nine-headed hydra
  8278 | Lair:4   | Noticed a four-headed hydra
  8397 | Lair:3   | Reached skill level 17 in Unarmed Combat
  8402 | Lair:3   | Noticed a six-headed hydra
  8629 | Lair:4   | Noticed a death yak
  8630 | Lair:4   | Noticed a death yak
  8630 | Lair:4   | Noticed a death yak
  8630 | Lair:4   | Noticed a death yak
  8639 | Lair:4   | Killed a death yak
  8645 | Lair:4   | Killed a death yak
  8651 | Lair:4   | Killed a death yak
  8657 | Lair:4   | Killed a death yak
  8890 | Lair:4   | Reached XP level 13. HP: 120/120 MP: 12/12
  8993 | Lair:3   | Found a staircase to the Shoals.
  9000 | Shoals:1 | Entered Level 1 of the Shoals
  9310 | Lair:5   | Found a viscous altar of Jiyva.
  9311 | Lair:5   | Found a staircase to the Slime Pits.
  9364 | Lair:5   | Reached skill level 18 in Unarmed Combat
  9564 | Slime:1  | Entered Level 1 of the Pits of Slime
  9566 | Slime:1  | Gained mutation: You are dopey. (Int -2) [a shining eye]
  9569 | Slime:1  | Gained mutation: You are robust. (+10% HP) [a shining eye]
  9583 | Slime:1  | Noticed an azure jelly
  9597 | Slime:1  | HP: 7/198 [azure jelly (9)]
  9602 | Slime:1  | HP: 5/132 [azure jelly (5)]
  9604 | Lair:5   | Demolished by an azure jelly

Illustrated notes

Levels and vault maps discovered:
D:1:      shiori_arrival_oz, layout_rooms, lemuel_flame_loot_1
D:2:      layout_basic, mrwooster_statue_mirror, minmay_misc_feat_alley,
          chequers_avenue, corexii_hall_statues_s, st_stairs_13,
          minmay_misc_feat_square, minmay_misc_feat_diagonals, uniq_sigmund
D:3:      layout_basic, lightli_sewer_entry_pipes, serial_curves,
          eino_curves_01, eino_curves_02, eino_curves_01,
          roderic_serpentine_path
D:4:      layout_rooms, minmay_temple_entry_statues_pillars, st_stairs_2,
          grunt_ministairs_5, uniq_pikel
D:5:      layout_basic
D:6:      layout_basic, uniq_menkaure
D:7:      layout_loops_ring, nicolae_overflow_hidden_temple, serial_shops, shop,
          amcnicky_mini_pool_small, uniq_harold
D:8:      gammafunk_wand_slinger, layout_cave_pools
D:9:      layout_roguey, nicolae_overflow_crystal_walls,
          gammafunk_temple_overflow_wave, dpeg_lair_monsters, minmay_microvault
D:10:     layout_roguey, nicolae_shop_clearance
Lair:1:   layout_concentric_octagons, grunt_megastairs_5
Lair:2:   layout_chaotic_city, beast_lair_carwin_4, grunt_megastairs_2
Lair:3:   layout_roguey, minmay_shoals_entry_beasts
Lair:4:   layout_layer_cave, minmay_snake_entry_six_corridors,
          serial_bayou_shore_a
Lair:5:   layout_roguey, slime_altar_1, minmay_holes
Shoals:1: layout_shoals, hangedman_shoals_cup_caves, uniq_louise, uniq_roxanne,
          uniq_kirke, uniq_nikola
Slime:1:  layout_caves

Skill      XL: |  1  2  3  4  5  6  7  8  9 10 11 12 13 |
---------------+----------------------------------------+-----
Dodging        | 3 4 5 6 7 8 9 |  9.0
Unarmed Combat | 4 5 6 7 9 11 13 15 17 18 | 18.3
Fighting       | 3 4 5 6 |  6.2
Stealth        | 1 2 |  2.1

Action                   |  1- 3 |  4- 6 |  7- 9 | 10-12 | 13-15 || total
-------------------------+-------+-------+-------+-------+-------++-------
Melee: Unarmed           |   109 |   151 |   184 |   517 |   117 ||  1078
       Punch             |     1 |     2 |     5 |    52 |    18 ||    78
Invok: Berserk           |       |       |     3 |     5 |     4 ||    12
       Brothers in Arms  |       |       |       |     1 |     1 ||     2
  Use: Potion            |       |     5 |     2 |     4 |     1 ||    12
       Scroll            |       |     4 |     6 |     9 |     1 ||    20
 Stab: Sleeping          |       |       |     1 |     2 |       ||     3
Armor: Animal skin       |    60 |    56 |    28 |   173 |    38 ||   355
Dodge: Dodged            |    85 |    84 |    89 |   285 |    71 ||   614

Table legend: (Time is in decaauts)
 A = Elapsed time spent in this place.
 B = Non-inter-level travel time spent in this place.
 C = Inter-level travel time spent in this place.
 D = Time resting spent in this place.
 E = Time spent auto-exploring this place.
 F = Levels seen in this place.
 G = Mean time per level.
                   A        B        C        D        E       F      G
               +--------+--------+--------+--------+--------+-----+--------+
         Total |   9507 |   8170 |   1337 |      0 |   5964 |  17 |  559.2 |
       Dungeon |   6738 |   6266 |    472 |      0 |   5049 |  10 |  673.8 |
          Lair |   2730 |   1866 |    864 |      0 |    915 |   5 |  546.0 |
        Shoals |      9 |      9 |      0 |      0 |      0 |   1 |    9.0 |
    Slime Pits |     29 |     29 |      0 |      0 |      0 |   1 |   29.0 |
               +--------+--------+--------+--------+--------+-----+--------+

Top non-repeatable levels by time:
  Lair:4: 1121 daAuts
     D:3: 913 daAuts
     D:7: 887 daAuts
  Lair:1: 816 daAuts
     D:5: 729 daAuts
     D:1: 667 daAuts
     D:9: 665 daAuts
     D:4: 657 daAuts
     D:2: 596 daAuts
     D:6: 579 daAuts
    D:10: 558 daAuts
     D:8: 481 daAuts
  Lair:5: 466 daAuts
  Lair:2: 218 daAuts
  Lair:3: 108 daAuts
